 Dungeon Crawl Stone Soup version 0.31.0-12-g77e489cdc1 (webtiles) character file.

Game seed: 3359255560151618624

65 Gadfly the Sneak (level 3, -6/18 HPs)
             Began as a Spriggan Enchanter on Feb 18, 2024.
             Killed from afar by an orc wizard (11 damage)
             ... with a puff of flame
             ... on level 3 of the Dungeon.
             The game lasted 00:01:57 (1681 turns).

Gadfly the Sneak (Spriggan Enchanter)               Turns: 1681, Time: 00:01:57

Health: -6/18      AC:  2    Str:  4    XL:     3   Next: 92%
Magic:  6/8        EV: 18    Int: 16    God:
Gold:   140        SH:  0    Dex: 17    Spells: 3/8 levels left

rFire   . . .        a - +2 dagger (venom)
rCold   . . .        (no shield)
rNeg    . . .        g - +0 robe
rPois   .            (helmet restricted)
rElec   .            (no cloak)
rCorr   .            (gloves unavailable)
SInv    +            (boots unavailable)
Will    .....        (no amulet)
Stlth   +++          (no ring)
HPRegen 0.23/turn    (no ring)
MPRegen 0.11/turn

%: no passive effects
@: very quick
A: very small, no large weapons, unfitting armour, see invisible, speed 3
a: no special abilities


You were on level 3 of the Dungeon.
You visited 1 branch of the dungeon, and saw 3 of its levels.

You collected 140 gold pieces.

Inventory:

Hand Weapons
 a - a +2 dagger of venom (weapon)
 b - a +1 dagger
Armour
 g - a +0 robe (worn)
Scrolls
 i - a scroll of teleportation
Potions
 c - 2 potions of invisibility
 d - a potion of might
 e - a potion of curing {unknown}
 f - a potion of degeneration {unknown}
 h - 2 potions of ambrosia
 k - a potion of heal wounds {unknown}


   Skills:
 + Level 1.0 Fighting
 + Level 1.8 Short Blades
 + Level 3.2 Dodging
 + Level 5.0 Stealth
 + Level 3.0 Spellcasting
 + Level 4.1 Hexes
 + Level 1.4 Evocations


You had 3 spell levels left.
You knew the following spells:

 Your Spells              Type           Power      Damage    Failure   Level
a - Ensorcelled Hibernat  Hex/Ice        18%        N/A       12%         2
b - Confusing Touch       Hex            15%        N/A       11%         3

Your spell library contained the following spells:

 Spells                   Type           Power      Damage    Failure   Level
 Tukima's Dance           Hex            15%        N/A       11%         3
 Dazzling Flash           Conj/Hex       18%        N/A       24%         3


Dungeon Overview and Level Annotations

Branches:
Dungeon (3/15)

Altars:
Qazlal

Shops:
D:3 (


Innate Abilities, Weirdness & Mutations

You are very small and have problems with some larger weapons.
You are too small for most types of armour.
You have supernaturally acute eyesight. (SInv)
You cover ground extremely quickly. (Speed+++)


Message History

You feel less confused.
Done exploring.
There is a stone staircase leading down here.
You climb downwards.
Found a scroll of teleportation.
Found Lekhleno's Weapon Shoppe.
There is a stone staircase leading up here.
i - a scroll of teleportation You now have 124 gold pieces (gained 9).
There is an entrance to Lekhleno's Weapon Shoppe here.
You now have 132 gold pieces (gained 8).
Found a stone staircase leading up.
Found an escape hatch in the floor.
Found 4 stones.
You now have 140 gold pieces (gained 8).
There is an escape hatch in the floor here.
You see here 4 stones.
Found a stone staircase leading up.
There is a stone staircase leading up here.
An orc wizard, 2 orc priests and 2 orcs come into view.
An orc is wielding a +0 dagger of holy wrath.
Found a scroll labelled FAUPIF ZEFEUG.
The orc shouts!
The orc wizard shouts!
The orc priest shouts!
The orc priest miscasts a cantrip.
There are monsters nearby!
The orc looks drowsy...
The helpless orc fails to defend itself.
You impale the orc!!
You kill the orc!
The orc wizard points at you and mumbles some strange words.
You resist with some effort.
The orc priest calls down the wrath of Beogh upon you.
Beogh smites you!
Ouch! That really hurt!
* * * LOW HITPOINT WARNING * * *
Things that are here:
a +0 dagger of holy wrath; a boomerang; an orc corpse The orc wizard casts a spell at you.
The puff of flame hits you!
Ouch! That really hurt!
You die...

### #. #o. #.
#o# #. #.# #.
#o# #.## #o#
#..# #.#
#######.###)#
..........@.#
#######<#####
##########.#
.........#.#
#..########.#.#
#..# #....#
#..# ###....##
...#
###.......#
#.##
#.........#


You could see 2 orc priests, an orc wizard and an orc.

Vanquished Creatures
  A gnoll (D:1)
  An adder (D:2)
  3 dart slugs
  A ribbon worm (D:2)
  An orc (D:3)
  3 bats (D:1)
  2 endoplasms (D:1)
  A giant cockroach (D:1)
  A hobgoblin (D:1)
  3 quokkas
  3 ball pythons (D:1)
  3 frilled lizards
  5 goblins
  4 kobolds
  5 rats
37 creatures vanquished.

Notes
Turn   | Place    | Note
-------+----------+-------------------------------------------
     0 | D:1      | Gadfly the Spriggan Enchanter began the quest for the Orb.
     0 | D:1      | Reached XP level 1. HP: 9/9 MP: 5/5
   117 | D:1      | Reached XP level 2. HP: 13/13 MP: 6/6
   120 | D:1      | Learned a level 2 spell: Ensorcelled Hibernation
   218 | D:1      | Reached skill level 1 in Evocations
   441 | D:1      | Reached XP level 3. HP: 17/17 MP: 5/8
   445 | D:1      | Learned a level 3 spell: Confusing Touch
  1202 | D:2      | Found a stormy altar of Qazlal.
  1332 | D:2      | Reached skill level 1 in Fighting
  1332 | D:2      | Reached skill level 5 in Stealth
  1598 | D:3      | Found Lekhleno's Weapon Shoppe.
  1681 | D:3      | Killed from afar by an orc wizard

Illustrated notes

Levels and vault maps discovered:
D:1:      psy_arrival_dodecagon, layout_loops_ring
D:2:      layout_rooms, basic_altar, minmay_parallelograms,
          chequers_serial_rivers_marsh
D:3:      layout_loops_ring, mainiacjoe_overflow_brackets,
          amcnicky_altar_gilded, serial_shops, nicolae_square_shop

Skill      XL: |  1  2  3 |
---------------+----------+-----
Dodging        | 3 |  3.2
Evocations     | 1 |  1.4
Spellcasting   | 3 |  3.0
Hexes          | 4 |  4.1
Fighting       | 1 |  1.0
Stealth        | 5 |  5.0
Short Blades   | |  1.8

Action                     || total
---------------------------++-------
  Melee: Dagger            ||    59
   Cast: Ensorcelled Hiber ||    17
    Use: Scroll            ||     2
         Potion            ||     2
   Stab: Sleeping          ||    19
 Armour: Robe              ||    14
  Dodge: Dodged            ||    35
